 Dungeon Crawl Stone Soup version 0.27-a0-1060-gcb85b5eba1 (webtiles) character file.

Game seed: 12015706517182339077

9 Ijustatesigmund the Skirmisher (level 2, 0/24 HPs)
             Began as a Demonspawn Fighter on Apr 21, 2021.
             Frozen to death by an endoplasm (1 damage)
             ... on level 1 of the Dungeon.
             The game lasted 00:00:32 (248 turns).

Ijustatesigmund the Skirmisher (Demonspawn Fighter)  Turns: 248, Time: 00:00:32

Health: 0/24       AC:  6    Str: 16    XL:     2   Next: 3%
Magic:  2/2        EV:  7    Int:  9    God:
Gold:   41         SH:  8    Dex: 12    Spells: 1/1 levels left

rFire    + . .     SeeInvis .   a - +0 war axe
rCold    + . .     Faith    .   c - +0 kite shield
rNeg     . . .     Spirit   .   b - +0 scale mail
rPois    +         Reflect  .   (no helmet)
rElec    +         Harm     .   (no cloak)
rCorr    +         Rampage  .   (no gloves)
Will     .....                  (no boots)
Stlth    ..........             (no amulet)
HPRegen  0.08/turn              (no ring)
MPRegen  0.08/turn              (no ring)

@: mighty, resistant
A: foul stench 1
a: no special abilities


You were on level 1 of the Dungeon.
You visited 1 branch of the dungeon, and saw 1 of its levels.

You collected 41 gold pieces.

Inventory:

Hand Weapons
 a - a +0 war axe (weapon)
Armour
 b - a +0 scale mail (worn)
 c - a +0 kite shield (worn)


   Skills:
 + Level 3.1 Fighting
 * Level 2.2 Axes
 - Level 2.6 Armour
 + Level 0.5 Dodging
 - Level 2.6 Shields


You had one spell level left.
You didn't know any spells.
Your spell library was empty.

Dungeon Overview and Level Annotations

Branches:
Dungeon (1/15)

Altars:


Innate Abilities, Weirdness & Mutations

You may rarely emit foul miasma when damaged in melee.


Message History

You slash the jackal!
You kill the jackal!
You block the ball python's attack. The ball python grabs you.
The ball python constricts you. You block the ball python's attack.
The ball python constricts you.
You closely miss the ball python. You block the ball python's attack.
The ball python constricts you.
You slash the ball python!
You kill the ball python!
The jackal barely misses you.
You barely miss the jackal. You block the jackal's attack.
The jackal barely misses you.
You miss the jackal. You block the jackal's attack. The jackal bites you.
You closely miss the jackal. The jackal barely misses you. x2
You block the jackal's attack.
You slash the jackal!
You kill the jackal!
You hit the endoplasm.
The endoplasm is severely wounded.
The endoplasm freezes you.
You are frozen.
The endoplasm freezes you.
You are frozen.
* * * LOW HITPOINT WARNING * * *
It was a potion of resistance.
You feel protected. The endoplasm barely misses you.
You slash the endoplasm!
You kill the endoplasm!
You have reached level 2!
Your demonic ancestry asserts itself...
You begin to emit a foul stench of rot and decay.
You closely miss the kobold. The kobold hits you with a +0 club.
* * * LOW HITPOINT WARNING * * *
The kobold hits you but does no damage.
You hit the kobold.
You kill the kobold!
The endoplasm freezes you.
You are frozen.
You resist.
You die...

##..≈.....≈.....###.
##.#.....#.....# #.
#..#####......# #.
#.#...........# #.
##.###.........###.
+..................
##.###..########.#.
#.####...# #...
#@#.....(# #.##
#J#......# #.#.
######B#...#..# #.#.
#....rh.....#.# #.#.
#...........#..#
#.#.
#...........##.#
#.#' #........B..#
.K #...
#...........+ .#
#... #..........?#
#...


You could see an endoplasm, a jackal, a giant cockroach and a rat.

Vanquished Creatures
  An endoplasm (D:1)
  2 hobgoblins (D:1)
  2 jackals (D:1)
  2 kobolds (D:1)
  A ball python (D:1)
8 creatures vanquished.

Notes
Turn   | Place    | Note
-------+----------+-------------------------------------------
     0 | D:1      | Ijustatesigmund the Demonspawn Fighter began the quest for
                  | the Orb.
     0 | D:1      | Reached XP level 1. HP: 18/18 MP: 1/1
   121 | D:1      | Found a faded altar of an unknown god.
   247 | D:1      | Gained mutation: You may rarely emit foul miasma when
                  | damaged in melee. [demonic ancestry]
   247 | D:1      | Reached XP level 2. HP: 2/24 MP: 2/2
   247 | D:1      | HP: 1/24 [kobold/+0 club (1)]
   248 | D:1      | Frozen to death by an endoplasm

Illustrated notes

Levels and vault maps discovered:
D:1:      minmay_arrival_stair_chambers, layout_basic,
          shapermc_ecumenical_altar_starsandcircs

Skill      XL: |  1 |
---------------+----+-----
Axes           | 2 |  2.2
Fighting       | |  3.1
Armour         | |  2.6
Dodging        | |  0.5
Shields        | |  2.6

Action                   || total
-------------------------++-------
Melee: War axe           ||    20
  Use: Potion            ||     2
Armor: Scale mail        ||     9
Dodge: Dodged            ||    10
Block: Kite shield       ||    13

Table legend: (Time is in decaauts)
 A = Elapsed time spent in this place.
 B = Non-inter-level travel time spent in this place.
 C = Inter-level travel time spent in this place.
 D = Time resting spent in this place.
 E = Time spent auto-exploring this place.
 F = Levels seen in this place.
 G = Mean time per level.
                   A        B        C        D        E       F      G
               +--------+--------+--------+--------+--------+-----+--------+
         Total |    260 |    260 |      0 |      0 |    206 |   1 |  260.0 |
       Dungeon |    260 |    260 |      0 |      0 |    206 |   1 |  260.0 |
               +--------+--------+--------+--------+--------+-----+--------+

Top non-repeatable levels by time:
     D:1: 260 daAuts
